 Dungeon Crawl Stone Soup version 0.25.1-11-g244df3a29b (webtiles) character file.

Game seed: 5856432592673873776

160656 DeepDeath the Impaler (level 18, 0/140 HPs)
             Began as a Formicid Gladiator on Jan 3, 2024.
             Was the Champion of Okawaru.
             Slain by a tentacle (12 damage)
             ... attached to a kraken
             ... on level 3 of the Shoals on Jan 4, 2024.
             The game lasted 02:43:13 (32506 turns).

DeepDeath the Impaler (Formicid Gladiator)         Turns: 32506, Time: 02:43:13

Health: 0/140      AC: 22    Str: 29    XL:     18   Next: 40%
Magic:  27/27      EV: 13    Int: 10    God:    Okawaru [******]
Gold:   1091       SH: 28    Dex: 12    Spells: 18/21 levels left

rFire    + + .     SeeInvis +   v - +5 trident (vamp)
rCold    + . .     Gourm    .   R - +2 tower shield {AC+3}
rNeg     . . .     Faith    .   M - +2 scale mail of the Comet {*Corrode rF++ rC+ Regen+}
rPois    .         Spirit   .   (helmet unavailable)
rElec    .         Reflect  +   Q - +2 cloak {rCorr}
rCorr    +         Harm     .   F - +2 pair of gloves {Dex+3}
MR       ++...                  s - +0 pair of boots
Stlth    +++.......             I - amulet of reflection
HPRegen  0.73/turn              T - ring of the Lizard {+Fly MR+ Dex-5 Slay+5 SInv}
MPRegen  0.20/turn              o - +6 ring of strength

@: flying
A: permanent stasis, dig shafts and tunnels, four strong arms, antennae 3
a: Dig, Shaft Self, Heroism, Finesse, Renounce Religion, Stop Flying


You were on level 3 of the Shoals.
You worshipped Okawaru.
Okawaru was exalted by your worship.
You were hungry.

You visited 5 branches of the dungeon, and saw 27 of its levels.
You also visited: Ossuary, Gauntlet and Ice Cave.

You collected 4968 gold pieces.
You spent 3877 gold pieces at shops.

Inventory:

Hand Weapons
 q - the +7 fustibalus "Yruenel" {freeze, *Slow rN+ MR+ SInv}
   (You bought it in a shop on level 2 of the Orcish Mines)

   It causes projectiles fired from it to freeze those they strike, causing
   extra injury to most foes and up to half again as much damage against
   particularly susceptible opponents.
   They can also slow down cold-blooded creatures.
   It protects you from negative energy.
   It affects your resistance to hostile enchantments.
   It lets you see invisible.
   It may slow you when you take damage.
 r - the +3 quarterstaff "Kohyjous" {pain, *Noise +Blink rF+ MR++}
   (You bought it in a shop on level 2 of the Orcish Mines)

   In the hands of one skilled in necromantic magic, it inflicts extra damage on
   living creatures.
   It protects you from fire.
   It affects your resistance to hostile enchantments.
   It lets you blink.
   It may make noises in combat.
 v - a +5 vampiric trident (weapon)
 w - a +6 halberd of flaming
 y - the +9 trident of Cudolate {vorpal, rF+ Int+4}
   (Okawaru gifted it to you on level 2 of the Shoals)

   It inflicts extra damage upon your enemies.
   It affects your intelligence (+4).
   It protects you from fire.
Missiles
 j - 323 sling bullets
 B - 27 boomerangs
 D - 41 poisoned darts
 J - 40 javelins (quivered)
 K - a throwing net
 Z - 2 curare-tipped darts
Armour
 s - a +0 pair of boots (worn)
 u - a +2 kite shield of resistance
 F - a +2 pair of gloves of dexterity (worn)
 M - the +2 scale mail of the Comet (worn) {*Corrode rF++ rC+ Regen+}
   (You bought it in a shop on level 1 of the Orcish Mines)

   It greatly protects you from fire.
   It protects you from cold.
   It increases your rate of regeneration.
   It may corrode you when you take damage.
 Q - a +2 cloak of preservation (worn)
 R - a +2 tower shield of protection (worn)
 S - a +3 ring mail of magic resistance
 X - a +2 scale mail of poison resistance
Magical Staves
 x - an uncursed staff of poison
Jewellery
 m - an uncursed ring of positive energy
 o - a +6 ring of strength (right hand)
 C - an uncursed ring of protection from cold
 I - an amulet of reflection (around neck)
 T - the ring of the Lizard (left hand) {+Fly MR+ Dex-5 Slay+5 SInv}
   (You found it on level 13 of the Dungeon)

   [ring of see invisible]

   It affects your dexterity (-5).
   It affects your accuracy and damage with ranged weapons and melee attacks
   (+5).
   It affects your resistance to hostile enchantments.
   It lets you see invisible.
   It lets you fly.
Wands
 a - a wand of acid (18)
 i - a wand of enslavement (20)
 A - a wand of digging (10)
 N - a wand of disintegration (42)
 V - a wand of paralysis (27)
 W - a wand of iceblast (22)
Scrolls
 d - 10 scrolls of remove curse
 g - 6 scrolls of identify
 l - 3 scrolls of magic mapping
 n - a scroll of fog
 z - a scroll of summoning
 L - 5 scrolls of fear
 U - a scroll of noise
Potions
 b - 6 potions of heal wounds
 c - 11 potions of curing
 e - a potion of magic
 h - 3 potions of invisibility
 k - 8 potions of flight
 p - 3 potions of might
 t - 5 potions of lignification
 E - 3 potions of cancellation
 P - 5 potions of stabbing
 Y - a potion of ambrosia
Miscellaneous
 G - a phial of floods
 H - a lightning rod (4/4)
 O - a tin of tremorstones (3/3)
Comestibles
 f - 33 rations


   Skills:
 * Level 12.0 Fighting
 - Level 15.0(16.0) Polearms
 - Level 10.0(13.6) Staves
 + Level 7.0(9.0) Slings
 - Level 8.0(9.0) Throwing
 + Level 10.0 Armour
 + Level 5.0 Dodging
 - Level 9.0 Stealth
 - Level 15.0 Shields
 - Level 2.0 Spellcasting
 - Level 2.0 Necromancy
 - Level 3.0 Air Magic
 - Level 5.0 Poison Magic
 - Level 12.0 Invocations
 + Level 6.1 Evocations


You had 18 spell levels left.
You knew the following spells:

 Your Spells              Type           Power        Failure   Level  Hunger
q - Animate Skeleton      Necr           N/A          26%         1    ##.....
v - Poisonous Vapours     Pois/Air       #.....       17%         2    ###....

Your spell library contained the following spells:

 Spells                   Type           Power        Failure   Level  Hunger
 Pain                     Necr           #...         26%         1    ##.....
 Apportation              Tloc           #.....       50%         1    ##.....
 Beastly Appendage        Tmut           #.....       50%         1    ##.....
 Corona                   Hex            #......      50%         1    ##.....
 Foxfire                  Conj/Fire      #...         50%         1    ##.....
 Freeze                   Ice            #...         50%         1    ##.....
 Sandblast                Erth           #.....       50%         1    ##.....
 Summon Butterflies       Summ           #.......     50%         1    ##.....
 Summon Small Mammal      Summ           #...         50%         1    ##.....
 Mephitic Cloud           Conj/Pois/Air  #.......     52%         3    ####...
 Spider Form              Tmut/Pois      #.........   52%         3    ####...
 Vampiric Draining        Necr           #.........   58%         3    ####...
 Ensorcelled Hibernation  Hex/Ice        #.....       65%         2    ###....
 Passwall                 Tmut/Erth      #.......     65%         2    ###....
 Sticks to Snakes         Tmut           #.......     65%         2    ###....
 Call Canine Familiar     Summ           #.......     86%         3    ####...
 Conjure Flame            Conj/Fire      #.......     86%         3    ####...
 Frozen Ramparts          Ice            #.....       86%         3    ####...
 Inner Flame              Hex/Fire       #.......     86%         3    ####...
 Recall                   Summ/Tloc      N/A          86%         3    ####...
 Spectral Weapon          Hex/Chrm       #.......     86%         3    ####...
 Stone Arrow              Conj/Erth      #.....       86%         3    ####...
 Animate Dead             Necr           N/A          94%         4    #####..
 Ice Form                 Ice/Tmut       #.......     99%         4    #####..
 Petrify                  Tmut/Erth      #.......     99%         4    #####..
 Sticky Flame             Conj/Fire      #.......     99%         4    #####..
 Summon Ice Beast         Ice/Summ       #.......     99%         4    #####..
 Agony                    Necr           #.......     100%        5    ######.
 Blade Hands              Tmut           #.........   100%        5    ######.
 Borgnjor's Vile Clutch   Necr/Erth      #.........   100%        5    ######.
 Fireball                 Conj/Fire      #.........   100%        5    ######.
 Lee's Rapid Deconstruct  Erth           #.........   100%        5    ######.
 Metabolic Englaciation   Hex/Ice        #.........   100%        5    ######.
 Silence                  Hex/Air        #.........   100%        5    ######.
 Summon Mana Viper        Hex/Summ       #.......     100%        5    ######.
 Darkness                 Hex            #.........   100%        6    #######
 Death Channel            Necr           #.........   100%        6    #######
 Freezing Cloud           Conj/Ice/Air   #.........   100%        6    #######
 Ozocubu's Refrigeration  Ice            #.........   100%        6    #######
 Shadow Creatures         Summ           N/A          100%        6    #######
 Simulacrum               Ice/Necr       #.........   100%        6    #######
 Statue Form              Tmut/Erth      #........    100%        6    #######
 Ring of Flames           Chrm/Fire      #.........   100%        7    #######
 Summon Hydra             Summ           #.........   100%        7    #######
 Swiftness                Chrm/Air       Unusable     N/A         2    N/A

Dungeon Overview and Level Annotations

Branches:
Dungeon (15/15)            Temple (1/1) D:6            Lair (6/6) D:8
 Shoals (3/4) Lair:3       Spider (0/4) Lair:4        Slime (0/5) Lair:6
    Orc (2/2) D:12            Elf (0/3) Orc:2        Vaults (0/5) D:14
 Depths (0/5) D:15        Ossuary (visited)           IceCv (visited)
Gauntlet (visited)

Altars:
Ashenzari
Cheibriados
Dithmenos
Elyvilon
Fedhas
Gozag
Hepliaklqana
Kikubaaqudgha
Makhleb
Nemelex Xobeh
Okawaru
Qazlal
Ru
Sif Muna
Trog
Uskayaw
Vehumet
Wu Jian
Xom
Yredelemnul
Zin
The Shining One
Beogh
Jiyva

Shops:
D:12 :[[?   D:13 (   Orc:1 ??[::   Orc:2 =?}((   Shoals:1 ?   Shoals:3 (


Innate Abilities, Weirdness & Mutations

You cannot be hasted, slowed, berserked, paralysed or teleported.
You can dig through walls and to a lower floor.
Your four strong arms can wield two-handed weapons with a shield.
You have a pair of large antennae on your head. (SInv)


Message History

You block the tentacle's attack. You block the kraken's attack.
The tentacle slaps you! x3
Unknown command.
You are too injured to fight recklessly!
Unknown command.
Your +6 halberd of flaming stops flaming.
You feel a sense of dread.
v - a +5 vampiric trident (weapon)
You block the tentacle's attack.
The kraken bites you but does no damage.
You block the tentacle's attack. x2
You hit the kraken but do no damage.
The kraken is heavily wounded.
You block the tentacle's attack. The tentacle closely misses you.
The kraken bites you!!!
* * * LOW HITPOINT WARNING * * *
The tentacle slaps you.
* * * LOW HITPOINT WARNING * * *
The tentacle slaps you!
You die...

##################
≈≈≈≈≈≈≈≈≈≈≈≈≈≈≈≈≈≈#
≈≈≈≈≈≈≈≈≈≈≈≈≈≈≈≈≈≈#
≈≈≈≈≈≈≈≈≈≈≈≈≈≈≈≈≈≈#
≈≈≈≈≈≈Xww≈≈≈≈≈≈≈≈≈# ≈
≈≈≈≈≈≈w@≈≈≈≈≈≈≈≈≈≈# ≈≈
≈≈≈≈≈≈w≈≈≈≈≈≈≈≈≈≈≈# ≈≈≈
≈≈≈≈≈≈≈≈≈≈≈≈≈≈≈≈≈≈≈≈≈≈#
≈≈≈≈≈≈≈≈≈≈≈≈≈≈≈≈≈≈≈≈≈≈≈≈≈≈≈#
≈≈≈≈≈≈≈≈≈≈≈≈≈≈.≈≈≈≈≈≈≈≈≈≈≈≈#
≈≈≈≈≈≈≈≈≈≈≈≈≈≈≈≈≈≈≈≈≈≈≈≈≈≈≈#
≈≈≈≈≈≈≈≈≈≈≈≈≈≈≈≈≈≈≈≈≈≈≈≈≈≈≈#
≈≈≈≈≈≈≈≈≈≈≈≈≈≈≈≈≈≈≈≈≈≈≈≈≈≈≈#
≈≈≈≈≈≈≈≈≈≈≈≈≈....≈≈≈≈≈≈≈≈≈≈#


You could see a kraken and 4 tentacles.

Vanquished Creatures
  Rupert (D:15)
  Polyphemus (Shoals:3)
  A kraken (Shoals:2)
  Kirke (Lair:5)
  Frances (D:13)
  Ilsuiw (Shoals:3)
  Roxanne (D:15)
  A frost giant (IceCv)
  An ironheart preserver (D:14)
  A stone giant (Orc:2)
  A minotaur (Gauntlet)
  A death ooze (Gauntlet)
  A merfolk javelineer (Shoals:2)
  The ghost of Yphutt the Thaumaturge, a journeyman GnSk of Okawaru (D:11)
  2 merfolk impalers
  A yaktaur captain (D:15)
  8 hydras
  Erolcha (D:13)
  10 two-headed ogres
  Erica (D:8)
  4 alligator snapping turtles (Shoals:1)
  An ogre mage (Orc:2)
  A merfolk avatar (Shoals:1)
  5 centaur warriors
  3 satyrs (Shoals:2)
  A dancing weapon (D:11)
  10 death yaks
  A catoblepas (Shoals:3)
  A tengu warrior (D:14)
  The ghost of Berzach the Nimble, a novice BaMo of Sif Muna (D:9)
  5 sea snakes
  3 unseen horrors
  4 deep elf magi
  8 ugly things
  8 harpies
  10 orc sorcerers
  5 oklob plants
  2 moths of wrath
  A wolf spider (Lair:6)
  A cyclops (D:13)
  37 fauns
  7 manticores
  8 merfolk sirens
  17 elephants
  11 black mambas
  5 water nymphs
  2 guardian serpents
  An ice statue (IceCv)
  A torpor snail (Lair:6)
  A gargoyle (D:10)
  17 spiny frogs
  A smoke demon (Gauntlet)
  A molten gargoyle (Lair:3)
  Maggie (D:9)
  A yaktaur (D:15)
  8 komodo dragons
  2 kobold demonologists
  A red devil (Gauntlet)
  17 polar bears
  5 trolls
  2 jumping spiders (Lair:4)
  2 wind drakes
  A queen bee (D:10)
  A wolf spider simulacrum (D:15)
  A hornet (shapeshifter) (D:14)
  3 hornets
  13 merfolk
  8 blink frogs
  9 hippogriffs
  9 snapping turtles
  4 dream sheep (Lair:6)
  A raiju (Gauntlet)
  A slime creature (Gauntlet)
  Sigmund (D:4)
  3 shadows
  5 redbacks
  64 yaks
  3 water elementals
  18 wyverns
  4 hogs
  4 wraiths
  4 fire bats (Gauntlet)
  A basilisk (shapeshifter) (D:14)
  3 hungry ghosts
  A basilisk (Lair:6)
  A fire elemental (Lair:3)
  Grum (D:8)
  5 vampire mosquitoes (Lair:2)
  5 wargs
  An insubstantial wisp (Lair:2)
  2 steam dragons (Gauntlet)
  2 soldier ants
  2 acid dragons
  Duvessa (D:6)
  3 hell hounds (Gauntlet)
  13 water moccasins
  2 porcupines (Lair:4)
  10 orc warriors
  4 sky beasts
  An ice beast (D:13)
  2 phantoms
  A black bear (D:9)
  16 ogres
  18 wolves
  8 centaurs
  11 crocodiles
  5 big kobolds
  18 bullfrogs
  An elf zombie (Ossuary)
  A gnoll sergeant (D:9)
  5 scorpions
  Dowan (D:6)
  33 killer bees
  4 wights (D:6)
  3 electric eels (D:14)
  7 crimson imps
  3 jellies
  7 centaur zombies
  2 bullfrog zombies
  5 hounds
  3 centaur skeletons
  10 orc priests
  31 orc wizards
  3 bullfrog skeletons
  3 iguanas
  8 worker ants
  A killer bee zombie (D:7)
  2 hound zombies
  A hound skeleton (D:9)
  2 mummies (Ossuary)
  2 worker ant zombies
  17 gnolls
  10 adders
  7 shadow imps
  2 oozes
  2 adder skeletons
  3 adder zombies
  3 worms
  3 dart slugs
  6 leopard geckos
  67 orcs
  A ball python (D:2)
  5 bats
  11 giant cockroaches
  9 goblins
  6 hobgoblins
  14 jackals
  4 quokkas
  6 frilled lizards
  2 goblin zombies (Ossuary)
  12 hobgoblin zombies (Ossuary)
  A jackal skeleton (D:4)
  20 kobolds
  7 kobold zombies (Ossuary)
  A leopard gecko skeleton (D:5)
  10 orc zombies (Ossuary)
  5 rats
  A fire vortex (Lair:3)
  2 plants
  5 tentacles
934 creatures vanquished.

Vanquished Creatures (others)
  A hell hog (Gauntlet)
  2 orc wizards (Orc:2)
  A howler monkey skeleton (D:6)
  A bush (Lair:5)
  22 fungi
  22 plants
  7 tentacles
  4 toadstools (D:10)
60 creatures vanquished.

Grand Total: 994 creatures vanquished

Notes
Turn   | Place    | Note
-------+----------+-------------------------------------------
     0 | D:1      | DeepDeath the Formicid Gladiator began the quest for the
                  | Orb.
     0 | D:1      | Reached XP level 1. HP: 16/16 MP: 1/1
    77 | D:1      | Reached XP level 2. HP: 20/22 MP: 2/2
    93 | D:1      | Reached skill level 1 in Stealth
   139 | D:1      | Reached skill level 1 in Armour
   272 | D:1      | Reached XP level 3. HP: 23/27 MP: 3/3
  1058 | D:1      | Reached XP level 4. HP: 33/33 MP: 4/4
  1265 | D:2      | Reached skill level 1 in Shields
  1804 | D:2      | Reached XP level 5. HP: 28/38 MP: 5/5
  1837 | D:2      | Reached skill level 5 in Staves
  2231 | D:2      | Found a shimmering blue altar of Sif Muna.
  2998 | D:3      | Reached XP level 6. HP: 44/44 MP: 6/6
  3045 | D:3      | Noticed a moth of wrath
  3048 | D:3      | Found a bloodstained altar of Trog.
  4330 | D:4      | Noticed Sigmund
  4494 | D:4      | Reached XP level 7. HP: 47/51 MP: 7/7
  4625 | D:4      | Found an ancient bone altar of Kikubaaqudgha.
  4998 | D:5      | Entered Level 5 of the Dungeon
  5053 | D:5      | Found a blossoming altar of Fedhas.
  5053 | D:5      | Found a radiant altar of Vehumet.
  5060 | D:5      | Found a sparkling altar of Nemelex Xobeh.
  5062 | D:5      | Found a glowing golden altar of the Shining One.
  5063 | D:5      | Found a white marble altar of Elyvilon.
  5103 | D:5      | Found a burning altar of Makhleb.
  5158 | D:5      | Found a sand-covered staircase.
  5177 | Ossuary  | Entered an ossuary
  5346 | Ossuary  | Reached skill level 1 in Evocations
  5769 | Ossuary  | Reached XP level 8. HP: 44/58 MP: 7/9
  6101 | D:4      | Killed Sigmund
  6557 | D:6      | Noticed a two-headed ogre
  6564 | D:6      | Reached XP level 9. HP: 28/63 MP: 10/10
  6571 | D:6      | Killed a two-headed ogre
  6578 | D:6      | Reached skill level 10 in Staves
  6585 | D:6      | Reached skill level 1 in Polearms
  6635 | D:6      | Found a staircase to the Ecumenical Temple.
  6647 | Temple   | Entered the Ecumenical Temple
  6719 | Temple   | Became a worshipper of Warmaster Okawaru
  6799 | D:6      | Got a polished flail
  6810 | D:6      | Noticed Dowan
  6812 | D:6      | Noticed Duvessa
  6815 | D:6      | Killed Dowan
  6843 | D:6      | Killed Duvessa
  6843 | D:6      | Reached skill level 1 in Invocations
  7023 | D:6      | Found a shimmering altar of Xom.
  7024 | D:6      | Noticed an angel
  7027 | D:6      | Found a glowing silver altar of Zin.
  7097 | D:6      | Reached XP level 10. HP: 69/70 MP: 11/11
  7102 | D:6      | Identified the +2 flail of Revolt {drain, *Corrode rF+ SInv
                  | Stlth+} (You found it on level 6 of the Dungeon)
  7256 | D:6      | Reached * piety under Okawaru
  8193 | D:7      | Reached skill level 5 in Polearms
  8391 | D:8      | Noticed Erica
  8391 | D:8      | Noticed Grum
  8441 | D:8      | Killed Erica
  8510 | D:8      | Noticed a two-headed ogre
  8532 | D:8      | Killed a two-headed ogre
  8532 | D:8      | Reached ** piety under Okawaru
  8660 | D:8      | Learned a level 2 spell: Poisonous Vapours
  8721 | D:8      | Killed Grum
  8847 | D:8      | Found a staircase to the Lair.
  8971 | D:8      | Reached XP level 11. HP: 75/75 MP: 12/12
  9017 | D:8      | Reached skill level 1 in Poison Magic
  9538 | D:8      | Reached *** piety under Okawaru
  9568 | D:9      | Reached skill level 1 in Spellcasting
  9685 | D:9      | Noticed a two-headed ogre
  9710 | D:9      | Killed a two-headed ogre
  9710 | D:9      | Reached skill level 1 in Air Magic
  9829 | D:9      | Reached **** piety under Okawaru
 10076 | D:9      | Noticed Maggie
 10087 | D:9      | Killed Maggie
 10111 | D:9      | Found a transporter.
 10116 | D:9      | Noticed Berzach's ghost (novice BaMo)
 10116 | D:9      | Noticed a moth of wrath
 10117 | D:9      | Noticed a manticore
 10160 | D:9      | Found a snail-covered altar of Cheibriados.
 10196 | D:9      | Found a transporter.
 10597 | D:10     | Entered Level 10 of the Dungeon
 10597 | D:10     | Found a shadowy altar of Dithmenos.
 10608 | D:10     | Reached skill level 5 in Fighting
 10981 | D:10     | Reached skill level 10 in Polearms
 11191 | D:10     | You fall into a shaft and drop 1 floor!
 11362 | D:11     | Noticed an unseen horror
 11397 | D:11     | Killed an unseen horror
 11397 | D:11     | Reached XP level 12. HP: 84/86 MP: 15/15
 11446 | D:11     | Found a runed translucent door.
 11447 | D:11     | Found a shimmering altar of Xom.
 11447 | D:11     | Noticed Yphutt's ghost (journeyman GnSk)
 11448 | D:11     | Noticed a +1 broad axe of chaos
 11543 | D:10     | Reached ***** piety under Okawaru
 11900 | D:10     | Noticed a two-headed ogre
 11916 | D:10     | Killed a two-headed ogre
 12439 | D:11     | Noticed an unseen horror
 12475 | D:11     | Reached skill level 5 in Invocations
 12483 | D:11     | Killed an unseen horror
 12889 | Lair:1   | Entered Level 1 of the Lair of Beasts
 13096 | Lair:1   | Received a gift from Okawaru
 14144 | Lair:2   | Reached skill level 10 in Shields
 14322 | Lair:2   | Received a gift from Okawaru
 14424 | Lair:2   | Reached XP level 13. HP: 96/96 MP: 17/17
 15358 | Lair:3   | Reached skill level 5 in Poison Magic
 15410 | Lair:3   | Found a staircase to the Shoals.
 16411 | Lair:4   | Noticed an eight-headed hydra
 16448 | Lair:4   | Killed an eight-headed hydra
 17249 | Lair:4   | Received a gift from Okawaru
 17302 | Lair:4   | Noticed an eight-headed hydra
 17330 | Lair:4   | Killed an eight-headed hydra
 17330 | Lair:4   | Reached skill level 5 in Stealth
 17780 | Lair:4   | You fall into a shaft and drop 2 floors!
 17780 | Lair:6   | Entered Level 6 of the Lair of Beasts
 17780 | Lair:6   | Noticed a seven-headed hydra
 17842 | Lair:6   | Reached skill level 5 in Throwing
 17858 | Lair:6   | Reached XP level 14. HP: 106/106 MP: 20/20
 18029 | Lair:6   | Found a staircase to the Slime Pits.
 18029 | Lair:6   | Found a viscous altar of Jiyva.
 18040 | Lair:6   | Reached skill level 5 in Armour
 18173 | Lair:6   | Reached skill level 10 in Invocations
 18240 | Lair:6   | Reached skill level 10 in Fighting
 18262 | Lair:6   | Reached ****** piety under Okawaru
 18314 | Lair:6   | Received a gift from Okawaru
 19276 | Lair:6   | Received a gift from Okawaru
 19626 | Lair:6   | Identified a scroll of acquirement
 19627 | Lair:6   | Acquired a +3 halberd of flaming
 19632 | Lair:5   | Noticed Kirke
 19982 | Lair:5   | Reached XP level 15. HP: 116/117 MP: 23/23
 20314 | Lair:5   | Noticed a sphinx
 20314 | Lair:5   | Killed Kirke
 21063 | Lair:4   | Found a hole to the Spider Nest.
 22582 | D:12     | Found a gate leading to a gauntlet.
 22752 | D:12     | Found Keq Igal's Book Shoppe.
 22779 | Gauntlet | Entered a Gauntlet
 22779 | Gauntlet | Found a transporter.
 22779 | Gauntlet | Found a runed translucent door.
 22782 | Gauntlet | Found a runed translucent door.
 22788 | Gauntlet | Found a transporter.
 22791 | Gauntlet | Found a transporter.
 22792 | Gauntlet | Found a transporter.
 22800 | Gauntlet | Found a transporter.
 22803 | Gauntlet | Found a transporter.
 22804 | Gauntlet | Found a transporter.
 22811 | Gauntlet | Found a runed translucent door.
 22814 | Gauntlet | Found a transporter.
 22815 | Gauntlet | Found a transporter.
 22816 | Gauntlet | Found a transporter.
 22827 | Gauntlet | Found a transporter.
 22827 | Gauntlet | Found a transporter.
 22828 | Gauntlet | Found a transporter.
 22837 | Gauntlet | Found a transporter.
 23273 | D:12     | Received a gift from Okawaru
 23303 | D:12     | Found Heepede's Antique Armour Shoppe.
 23311 | D:12     | Bought a distressingly furry ring mail for 216 gold pieces
 23311 | D:12     | Bought a glowing scale mail for 168 gold pieces
 23332 | D:12     | Identified the +0 ring mail of Distant Shores {rN++ MR-
                  | rCorr} (You bought it in a shop on level 12 of the Dungeon)
 23781 | D:12     | Found Boaje Ickak's Magic Scroll Shop.
 23784 | D:12     | Bought a scroll of identify for 30 gold pieces
 23891 | D:12     | Found a staircase to the Orcish Mines.
 23948 | D:12     | Found Beamadi's Armour Emporium.
 24075 | D:12     | Bought a scroll of enchant weapon for 112 gold pieces
 24131 | Orc:1    | Entered Level 1 of the Orcish Mines
 24131 | Orc:1    | Found Ikisae's Magic Scroll Shop.
 24147 | Orc:1    | Bought a scroll of identify for 28 gold pieces
 24147 | Orc:1    | Bought a scroll of identify for 28 gold pieces
 24147 | Orc:1    | Bought a scroll of identify for 28 gold pieces
 24227 | Orc:1    | Found Moerih's Magic Scroll Emporium.
 24396 | Orc:1    | Found Ybrat's Armour Shop.
 24465 | Orc:1    | Found Jeyghon's Book Shoppe.
 24471 | Orc:1    | Found Vegguu's Book Emporium.
 24665 | Orc:1    | Bought a scroll of acquirement for 728 gold pieces
 24670 | Orc:1    | Acquired 2010 gold pieces
 24713 | Orc:1    | Bought a scarf of resistance for 416 gold pieces
 24713 | Orc:1    | Bought the +2 scale mail of the Comet {*Corrode rF++ rC+
                  | Regen+} for 518 gold pieces
 24777 | Orc:2    | Entered Level 2 of the Orcish Mines
 24989 | Orc:2    | Noticed a stone giant
 24996 | Orc:2    | Killed a stone giant
 24996 | Orc:2    | Received a gift from Okawaru
 25092 | Orc:2    | Found a staircase to the Elven Halls.
 25133 | Orc:2    | Found Miwisigg's Jewellery Emporium.
 25368 | Orc:2    | Bought an uncursed amulet of reflection for 390 gold pieces
 25465 | Orc:2    | Found Maviez's Gadget Shop.
 25481 | Orc:2    | Received a gift from Okawaru
 25548 | Orc:2    | Found a radiant altar of Vehumet.
 25585 | Orc:2    | Found Kogib's Antique Weapon Shop.
 25603 | Orc:2    | Found an ancient bone altar of Kikubaaqudgha.
 25669 | Orc:2    | Found a roughly hewn altar of Beogh.
 25669 | Orc:2    | Found Anistee's Antique Weapon Shop.
 25669 | Orc:2    | Found Noffezy's Magic Scroll Boutique.
 25669 | Orc:2    | Reached XP level 16. HP: 127/127 MP: 25/25
 25805 | Orc:2    | Bought a jewelled quarterstaff for 261 gold pieces
 25806 | Orc:2    | Identified the cursed +3 quarterstaff "Kohyjous" {pain,
                  | *Noise +Blink rF+ MR++} (You bought it in a shop on level 2
                  | of the Orcish Mines)
 25820 | Orc:2    | Learned a level 1 spell: Animate Skeleton
 25836 | Orc:2    | Bought an ebony fustibalus for 640 gold pieces
 25838 | Orc:2    | Identified the +7 fustibalus "Yruenel" {freeze, *Slow rN+
                  | MR+ SInv} (You bought it in a shop on level 2 of the Orcish
                  | Mines)
 25851 | Orc:2    | Bought a scroll of enchant weapon for 112 gold pieces
 25983 | D:13     | Noticed Frances
 25988 | D:13     | Killed Frances
 26006 | D:13     | Found a frozen archway.
 26017 | D:13     | Found Musilu's Weapon Emporium.
 26090 | D:13     | Reached skill level 1 in Slings
 26090 | D:13     | Reached skill level 1 in Necromancy
 26153 | IceCv    | Entered an ice cave
 26582 | IceCv    | Noticed a frost giant
 26602 | IceCv    | Killed a frost giant
 26627 | IceCv    | Received a gift from Okawaru
 26630 | IceCv    | Got a pair of brightly glowing boots {god gift}
 26631 | IceCv    | Identified the +1 pair of boots "Tumnarre" {Harm +Blink
                  | Int+3 Slay-2} (Okawaru gifted it to you in an ice cave)
 26640 | IceCv    | Identified the Handbook of Self-Knowledge and the Glacier
 27102 | D:13     | Got a sparkling golden ring
 27106 | D:13     | Identified the ring of the Lizard {+Fly MR+ Dex-5 Slay+5
                  | SInv} (You found it on level 13 of the Dungeon)
 27121 | D:13     | Noticed Erolcha
 27124 | D:13     | Killed Erolcha
 27865 | D:12     | Bought a scroll of enchant weapon for 112 gold pieces
 28004 | D:14     | Found a gate to the Vaults.
 28147 | D:14     | Found a stormy altar of Qazlal.
 28985 | D:15     | Entered Level 15 of the Dungeon
 29047 | D:15     | Identified Roxanne's Catalogue of the Rocks
 29047 | D:15     | Noticed Roxanne
 29055 | D:15     | Killed Roxanne
 29055 | D:15     | Reached skill level 5 in Slings
 29126 | D:15     | Received a gift from Okawaru
 29255 | D:15     | Noticed Rupert
 29270 | D:15     | Killed Rupert
 29270 | D:15     | Received a gift from Okawaru
 29270 | D:15     | Reached XP level 17. HP: 133/133 MP: 23/26
 29437 | D:15     | Found a staircase to the Depths.
 29607 | D:11     | Killed Yphutt's ghost
 29607 | D:11     | Reached skill level 5 in Dodging
 29782 | D:9      | Killed Berzach's ghost
 30038 | Shoals:1 | Entered Level 1 of the Shoals
 30101 | Shoals:1 | Found Rymm's Magic Scroll Shoppe.
 30137 | Shoals:1 | Bought a scroll of identify for 30 gold pieces
 30137 | Shoals:1 | Bought a scroll of identify for 30 gold pieces
 30137 | Shoals:1 | Bought a scroll of identify for 30 gold pieces
 30245 | Shoals:1 | Received a gift from Okawaru
 30836 | Shoals:1 | Reached skill level 10 in Armour
 31037 | Shoals:2 | Received a gift from Okawaru
 31040 | Shoals:2 | Got an iridescent trident {god gift}
 31041 | Shoals:2 | Identified the +9 trident of Cudolate {vorpal, rF+ Int+4}
                  | (Okawaru gifted it to you on level 2 of the Shoals)
 31194 | Shoals:2 | Reached skill level 15 in Polearms
 31198 | Shoals:2 | Reached skill level 5 in Evocations
 31284 | Shoals:2 | Noticed a kraken
 31311 | Shoals:2 | Killed a kraken
 31507 | Shoals:2 | Reached XP level 18. HP: 111/140 MP: 27/27
 31715 | Shoals:3 | Noticed Ilsuiw
 31727 | Shoals:3 | Killed Ilsuiw
 31727 | Shoals:3 | Received a gift from Okawaru
 31816 | Shoals:3 | Found Sueriuj's Antique Weapon Boutique.
 31871 | Shoals:3 | Noticed Polyphemus
 31897 | Shoals:3 | Killed Polyphemus
 31897 | Shoals:3 | Received a gift from Okawaru
 32011 | Shoals:3 | Reached skill level 15 in Shields
 32491 | Shoals:3 | Noticed a kraken
 32506 | Shoals:3 | Slain by a tentacle

Illustrated notes

Levels and vault maps discovered:
D:1:      lightli_arrival_maybe_door_vault, layout_basic,
          hangedman_decor_growths, minmay_tetromino_t2
D:2:      minmay_door_path, layout_loops_ring, led_sif_pool, first_ration,
          hangedman_decor_clover_reticule, hex_medium, roderic_roman_lattice
D:3:      layout_basic, tgw_trog
D:4:      layout_basic, lemuel_round_altar, uniq_sigmund
D:5:      layout_rooms, makhleb_grotto_becter,
          chequers_temple_overflow_minitemple,
          nicolae_ossuary_entry_false_entrances
D:6:      layout_basic, grunt_temple_overflow_order_and_chaos_1,
          minmay_temple_entry_mini_moons, uniq_duvessa
D:7:      layout_loops_corners
D:8:      layout_loops_ring, erik_lair_orcish_takeover, uniq_erica, uniq_grum
D:9:      layout_irregular_city, gammafunk_ghost_berserking_beasts, basic_altar,
          uniq_maggie
D:10:     layout_long_grid, david_nohive_1, minmay_misc_feat_nine_boxes,
          fountainhead, minmay_gold_behind_fungi,
          nicolae_dithmenos_through_a_glass_darkly
D:11:     layout_basic, ebering_ghost_xom, serial_rivers,
          chequers_serial_rivers_micro_c, chequers_serial_rivers_micro_d,
          chequers_serial_rivers_small_a, chequers_serial_rivers_small_3,
          grunt_ministairs_2, minivault_11
D:12:     layout_cave_pools, david_orc_4, gauntlet_entry_generic, serial_shops,
          shop, shop, kennysheep_mini, shop
D:13:     layout_loops_cross, serial_shops, kennysheep_mini_moat,
          portal_ice_cave_entry_pillars_1, nrook_guardian_serpent_double,
          uniq_frances, uniq_erolcha
D:14:     layout_basic, skrybe_vaults_entry_preservation, basic_altar, hex_tiny
D:15:     grunt_enter_depths_snipers, layout_gridville, minmay_fountain_box,
          uniq_rupert, uniq_roxanne
Temple:   nicolae_temple_hex_pool
Lair:1:   layout_cave_pods
Lair:2:   layout_small_grid, pond
Lair:3:   layout_gridlike, minmay_shoals_entry_beasts, grunt_megastairs_3,
          serial_bayou_shore_a
Lair:4:   layout_small_grid, spider_nest_entry_funnel_web, st_stairs_7,
          minmay_lair_oklob_chamber
Lair:5:   layout_regular_city, chequers_serial_rivers_micro_d, uniq_kirke
Lair:6:   hangedman_lair_tendril_chambers, layout_regular_city, slime_altar_1
Shoals:1: layout_shoals, serial_shops, shop,
          nicolae_shoals_siren_and_animal_friends
Shoals:2: layout_shoals
Shoals:3: layout_shoals, serial_shops, shop, uniq_ilsuiw, uniq_polyphemus
Orc:1:    layout_caves, serial_shops, nicolae_shop_statue_plus, shop,
          shop_fountains, nicolae_shop_statue_plus, shop
Orc:2:    kennysheep_orc_mage_school, layout_caves, serial_shops, shop

Skill      XL: |  1  2  3  4  5  6  7  8  9 10 11 12 13 14 15 16 17 18 |
---------------+-------------------------------------------------------+-----
Stealth        | 1 2 4 5 8 9 |  9.0
Armour         | 1 2 3 4 5 7 9 10 | 10.0
Staves         | 4 5 6 8 10 | 10.0
Shields        | 1 2 4 6 9 10 11 12 14 15 | 15.0
Dodging        | 3 4 5 |  5.0
Evocations     | 1 2 5 6 |  6.1
Fighting       | 3 5 7 8 10 12 | 12.0
Throwing       | 3 4 5 7 8 |  8.0
Polearms       | 3 7 10 12 13 15 | 15.0
Invocations    | 2 4 6 8 10 12 | 12.0
Poison Magic   | 3 5 |  5.0
Spellcasting   | 2 |  2.0
Air Magic      | 1 3 |  3.0
Slings         | 5 7 |  7.0
Necromancy     | 1 2 |  2.0

Action                   |  1- 3 |  4- 6 |  7- 9 | 10-12 | 13-15 | 16-18 || total
-------------------------+-------+-------+-------+-------+-------+-------++-------
Melee: Quarterstaff      |    98 |   175 |   270 |       |       |       ||   543
       Spear             |       |       |       |   226 |    29 |       ||   255
       Trident           |       |       |       |   765 |  1336 |    66 ||  2167
       Halberd           |       |       |       |       |   171 |   538 ||   709
 Fire: Fustibalus        |       |       |       |       |       |   407 ||   407
Throw: Stone             |       |    34 |       |       |       |       ||    34
       Throwing net      |       |     7 |     2 |       |       |       ||     9
       Dart              |       |    23 |    18 |   103 |    85 |     7 ||   236
       Boomerang         |       |     1 |    18 |     9 |    37 |       ||    65
       Javelin           |       |       |       |       |    24 |    10 ||    34
Invok: Heroism           |       |       |       |    12 |    15 |     6 ||    33
       Finesse           |       |       |       |       |     9 |     2 ||    11
 Abil: Dig               |     2 |     1 |    10 |    14 |    19 |     4 ||    50
       Evoke Flight      |       |       |       |       |       |     1 ||     1
Evoke: Wand              |       |       |     9 |     9 |     1 |     8 ||    27
  Use: Scroll            |     6 |     2 |     9 |    10 |    14 |    13 ||    54
       Potion            |       |       |     3 |       |     1 |     1 ||     5
 Stab: Sleeping          |       |     3 |       |     7 |    12 |     4 ||    26
       Held in net/web   |       |     2 |     4 |       |       |       ||     6
       Invisible         |       |       |     1 |       |       |       ||     1
       Distracted        |       |       |       |       |     1 |     2 ||     3
  Eat: Chunk             |       |    12 |     4 |    23 |    18 |    12 ||    69
       Ration            |       |       |     2 |     1 |     7 |     3 ||    13
Armor: Leather armour    |    44 |    27 |    60 |       |       |       ||   131
       Ring mail         |       |       |       |    11 |   144 |       ||   155
       Robe              |       |       |       |   109 |       |       ||   109
       Acid dragon scale |       |       |       |       |    44 |       ||    44
       Scale mail        |       |       |       |       |    17 |    95 ||   112
       Skin              |       |       |       |       |       |    27 ||    27
Dodge: Dodged            |    68 |    95 |   108 |   226 |   253 |    71 ||   821
Block: Kite shield       |       |       |    45 |   403 |   302 |       ||   750
       Tower shield      |       |       |       |       |   329 |   656 ||   985
       Reflection        |       |       |       |       |       |   130 ||   130
